[Event "22nd Hogeschool Zeeland 2018"]
[Site "Vlissingen"]
[Date "2018.08.07"]
[Round "5"]
[White "Boelhouwer, Collin"]
[Black "Van Delft, Merijn"]
[Result "1/2-1/2"]
[ECO "B06"]
[WhiteElo "2128"]
[BlackElo "2395"]
[Annotator "NA"]
[PlyCount "52"]
[EventDate "2018.08.04"]
[EventType "swiss"]
[EventCountry "NED"]
[SourceTitle "playchess.com"]
[Source "ChessBase"]
[SourceQuality "1"]
[TimeControl "40/5400+30:1800+30"]

1. e4 g6 2. d4 Bg7 3. Nc3 a6 4. a4 b6 5. Be3 Bb7 6. Qd2 d6 7. Bc4 e6 8. f3 Nf6 9. h4 h6 10. Nge2 d5 11. Bd3 dxe4 12. Nxe4 Nd5 13. Bf2 Nc6 14. c3 Qe7 15. O-O O-O 16. Nf4 Nxf4 17. Qxf4 e5 18. dxe5 Qxe5 19. Bg3 Qxf4 20. Bxf4 Ne5 21. Bc2 f5 22. Nd2 c5 23. Rfe1 Rae8 24. Re3 Bc6 25. Rae1 Nf7 26. Rxe8 Rxe8 1/2-1/2

[Event "22nd Hogeschool Zeeland 2018"]
[Site "Vlissingen"]
[Date "2018.08.08"]
[Round "5"]
[White "Van Liempt, Michael"]
[Black "Ree, Hans"]
[Result "1/2-1/2"]
[ECO "A40"]
[WhiteElo "2068"]
[BlackElo "2303"]
[Annotator "ChessBase"]
[PlyCount "261"]
[EventDate "2018.08.04"]
[EventType "swiss"]
[EventCountry "NED"]
[SourceTitle "playchess.com"]
[Source "ChessBase"]
[SourceQuality "1"]
[TimeControl "40/5400+30:1800+30"]

1. d4 e6 2. c4 b6 3. Nc3 Bb4 4. Nf3 Bb7 5. e3 f5 6. Be2 Nf6 7. O-O O-O 8. Nd2 c5 9. Bf3 Nc6 10. a3 Bxc3 11. bxc3 d6 12. Re1 e5 13. Nb3 Qc7 14. a4 a5 15. Rb1 Rae8 16. d5 Ne7 17. e4 fxe4 18. Bxe4 Nxe4 19. Rxe4 Bc8 20. Rb2 Bf5 21. Re1 Ng6 22. Be3 h6 23. Nc1 Rb8 24. Ne2 e4 25. Bf4 Qe7 26. Qc1 Bd7 27. Qe3 Bxa4 28. Reb1 Nh4 29. Rxb6 Rxb6 30. Rxb6 Nf5 31. Qc1 Qf6 32. Ng3 Nh4 33. Be3 Be8 34. Nxe4 Qg6 35. Ng3 a4 36. Bxc5 Rf6 37. Bd4 Rf5 38. Qa3 Rf8 39. Qxd6 Qd3 40. Qe6+ Bf7 41. Qe2 Qxe2 42. Nxe2 Ra8 43. Rb2 a3 44. Ra2 Ra4 45. f3 Nf5 46. Bc5 Rxc4 47. Bb4 Bxd5 48. Rxa3 Rc8 49. Ra5 Be6 50. Nf4 Bd7 51. Rd5 Rc7 52. Kf2 g5 53. Nd3 Be6 54. Rd8+ Kg7 55. Nc5 Bf7 56. Ne4 Ra7 57. Rd2 Ra1 58. Nd6 Nxd6 59. Rxd6 Ra2+ 60. Kg3 Bc4 61. h4 gxh4+ 62. Kxh4 Rxg2 63. Bc5 Be2 64. Bd4+ Kh7 65. Rf6 Rg6 66. Rf8 Rg5 67. f4 Rh5+ 68. Kg3 Bd3 69. Kg4 Be2+ 70. Kg3 Bd3 71. Be5 Rf5 72. Rd8 Bc4 73. Rc8 Be6 74. Rc6 Bd5 75. Rd6 Bc4 76. Rd4 Be6 77. c4 Rh5 78. c5 Rh3+ 79. Kf2 Rh2+ 80. Ke3 Rc2 81. Bd6 Kg6 82. Rd1 h5 83. Rg1+ Kf6 84. Be5+ Kf7 85. Rg7+ Kf8 86. Rh7 Kg8 87. Rh6 Kf7 88. f5 Bxf5 89. Rf6+ Ke7 90. Rxf5 Ke6 91. Rxh5 Rxc5 92. Ke4 Rc4+ 93. Bd4 Rc6 94. Rg5 Kd6 95. Re5 Rc1 96. Rd5+ Ke6 97. Rb5 Re1+ 98. Be3 Rd1 99. Ra5 Rd6 100. Rh5 Rc6 101. Bc5 Kf7 102. Kd5 Rg6 103. Bd4 Ra6 104. Rh7+ Kg6 105. Rg7+ Kf5 106. Rf7+ Kg6 107. Rf1 Ra5+ 108. Ke4 Ra4 109. Rf6+ Kg5 110. Rf7 Kg6 111. Rg7+ Kh6 112. Rg1 Kh5 113. Rg2 Kh6 114. Ke5 Ra5+ 115. Ke6 Rb5 116. Be5 Rb1 117. Kf7 Kh5 118. Bf6 Rb7+ 119. Ke6 Rb1 120. Be5 Rf1 121. Rg8 Kh4 122. Rg7 Kh3 123. Kd5 Rf2 124. Ke4 Rg2 125. Rh7+ Kg4 126. Bf4 Re2+ 127. Be3 Rg2 128. Rh8 Kg3 129. Rh1 Kg4 130. Rh6 Kg3 131. Bf4+ 1/2-1/2

[Event "22nd Hogeschool Zeeland 2018"]
[Site "Vlissingen"]
[Date "2018.08.07"]
[Round "5"]
[White "Advait, Bagri"]
[Black "Grochal, Joey"]
[Result "0-1"]
[ECO "B40"]
[WhiteElo "1926"]
[BlackElo "2300"]
[Annotator "NA"]
[PlyCount "52"]
[EventDate "2018.08.04"]
[EventType "swiss"]
[EventCountry "NED"]
[SourceTitle "playchess.com"]
[Source "ChessBase"]
[SourceQuality "1"]
[TimeControl "40/5400+30:1800+30"]

1. e4 c5 2. Nf3 e6 3. b3 d5 4. exd5 exd5 5. Bb5+ Bd7 6. Bxd7+ Qxd7 7. O-O Be7 8. Re1 Nf6 9. Qe2 Nc6 10. Ne5 Nxe5 11. Qxe5 O-O 12. Bb2 d4 13. Na3 Bd6 14. Qe2 Rad8 15. Nc4 Bb8 16. a4 Qf5 17. Qf3 Qxf3 18. gxf3 Rd5 19. Re7 Rg5+ 20. Kh1 b6 21. Rb7 Nd5 22. Re1 Nf4 23. Rbe7 Nh3 24. Rf1 f5 25. Ne5 Bxe5 26. Rxe5 Rf6 0-1

[Event "22nd Hogeschool Zeeland 2018"]
[Site "Vlissingen"]
[Date "2018.08.08"]
[Round "6"]
[White "Mehar, Chinna Reddy CH"]
[Black "Beerdsen, Thomas"]
[Result "1/2-1/2"]
[ECO "D04"]
[WhiteElo "2345"]
[BlackElo "2469"]
[Annotator "ChessBase"]
[PlyCount "36"]
[EventDate "2018.08.04"]
[EventType "swiss"]
[EventCountry "NED"]
[SourceTitle "playchess.com"]
[Source "ChessBase"]
[SourceQuality "1"]
[TimeControl "40/5400+30:1800+30"]

1. d4 d5 2. Nf3 Nf6 3. e3 c5 4. Bd3 Nc6 5. O-O Bg4 6. c3 e5 7. dxe5 Nxe5 8. Bb5+ Ned7 9. h3 Bxf3 10. Qxf3 a6 11. Ba4 b5 12. Bc2 Bd6 13. e4 dxe4 14. Bxe4 Ne5 15. Bc6+ Kf8 16. Bxa8 Nxf3+ 17. Bxf3 Qe7 18. a4 b4 1/2-1/2

[Event "22nd Hogeschool Zeeland 2018"]
[Site "Vlissingen"]
[Date "2018.08.08"]
[Round "6"]
[White "Rajesh, VAV"]
[Black "Vrolijk, Liam"]
[Result "1/2-1/2"]
[ECO "E43"]
[WhiteElo "2325"]
[BlackElo "2430"]
[Annotator "NA"]
[PlyCount "41"]
[EventDate "2018.08.04"]
[EventType "swiss"]
[EventCountry "NED"]
[SourceTitle "playchess.com"]
[Source "ChessBase"]
[SourceQuality "1"]
[TimeControl "40/5400+30:1800+30"]

1. d4 Nf6 2. c4 e6 3. Nc3 Bb4 4. e3 b6 5. Bd3 Bb7 6. Nf3 O-O 7. O-O c5 8. Bd2 cxd4 9. exd4 d5 10. cxd5 Nxd5 11. Qe2 Nd7 12. Rac1 Nxc3 13. bxc3 Bd6 14. Rfd1 Qc7 15. h3 h6 16. c4 Rac8 17. Bc3 Rfe8 18. Re1 Ba6 19. Bb2 Bb4 20. Red1 Bb7 21. Be4 1/2-1/2

[Event "22nd Hogeschool Zeeland 2018"]
[Site "Vlissingen"]
[Date "2018.08.08"]
[Round "6"]
[White "Lammens, Tim"]
[Black "Rosmuller, Anton J"]
[Result "1-0"]
[ECO "B06"]
[WhiteElo "2293"]
[BlackElo "2069"]
[Annotator "NA"]
[PlyCount "57"]
[EventDate "2018.08.04"]
[EventType "swiss"]
[EventCountry "NED"]
[SourceTitle "playchess.com"]
[Source "ChessBase"]
[SourceQuality "1"]
[TimeControl "40/5400+30:1800+30"]

1. Nf3 g6 2. e4 Bg7 3. d4 d6 4. Bc4 Nf6 5. Qe2 O-O 6. h3 c6 7. Bb3 Qc7 8. e5 dxe5 9. Nxe5 Nbd7 10. Nc3 Nxe5 11. dxe5 Ne8 12. Bf4 h6 13. Qe3 Qb6 14. Qd2 g5 15. Be3 Qa5 16. O-O-O Bxe5 17. h4 Bf5 18. hxg5 hxg5 19. Bxg5 Ng7 20. Bxe7 Qc7 21. Bg5 Ne6 22. Be3 Rfd8 23. Qe2 Rxd1+ 24. Qxd1 Rd8 25. Qf3 Bf4 26. Bxe6 Bxe3+ 27. Qxe3 fxe6 28. Qg5+ Kf7 29. Qxf5+ 1-0

[Event "22nd Hogeschool Zeeland 2018"]
[Site "Vlissingen"]
[Date "2018.08.08"]
[Round "6"]
[White "Bluhm, Sonja Maria"]
[Black "Gonzales, Jayson"]
[Result "0-1"]
[ECO "B12"]
[WhiteElo "2279"]
[BlackElo "2383"]
[Annotator "NA"]
[PlyCount "62"]
[EventDate "2018.08.04"]
[EventType "swiss"]
[EventCountry "NED"]
[SourceTitle "playchess.com"]
[Source "ChessBase"]
[SourceQuality "1"]
[TimeControl "40/5400+30:1800+30"]

1. e4 c6 2. d4 d5 3. e5 Bf5 4. Nd2 e6 5. Nb3 Nd7 6. Nf3 h6 7. Be2 Ne7 8. O-O Qc7 9. Be3 Bh7 10. c4 dxc4 11. Bxc4 Nd5 12. Rc1 Qb6 13. Bd3 Bxd3 14. Qxd3 Be7 15. Nfd2 a5 16. a4 O-O 17. f4 Bb4 18. Ne4 Qa6 19. Qxa6 Rxa6 20. Bd2 Rb6 21. Bxb4 Rxb4 22. Nxa5 Ra8 23. Nc4 Raxa4 24. Ncd6 Rxb2 25. Rb1 Rxb1 26. Rxb1 b6 27. Rc1 Nxf4 28. Rxc6 Rxd4 29. Rc8+ Kh7 30. g3 Ng6 31. Rc7 Ngxe5 0-1

[Event "22nd Hogeschool Zeeland 2018"]
[Site "Vlissingen"]
[Date "2018.08.09"]
[Round "7"]
[White "Beerdsen, Thomas"]
[Black "Grochal, Joey"]
[Result "1/2-1/2"]
[ECO "B44"]
[WhiteElo "2469"]
[BlackElo "2300"]
[Annotator "ChessBase"]
[PlyCount "44"]
[EventDate "2018.08.04"]
[EventType "swiss"]
[EventCountry "NED"]
[SourceTitle "playchess.com"]
[Source "ChessBase"]
[SourceQuality "1"]
[TimeControl "40/5400+30:1800+30"]

1. e4 c5 2. Nf3 Nc6 3. d4 cxd4 4. Nxd4 e6 5. Nb5 d6 6. Bf4 e5 7. Be3 Be6 8. Nd2 Nf6 9. Bg5 a6 10. Bxf6 gxf6 11. Nc3 d5 12. exd5 Bxd5 13. Nde4 Bxe4 14. Nxe4 f5 15. Ng3 Qb6 16. Be2 Qxb2 17. O-O Rd8 18. Qb1 Qxb1 19. Raxb1 f4 20. Ne4 b5 21. a4 Nd4 22. Bh5 Bg7 1/2-1/2

[Event "22nd Hogeschool Zeeland 2018"]
[Site "Vlissingen"]
[Date "2018.08.09"]
[Round "7"]
[White "Schoppen, Casper"]
[Black "Vedder, Richard"]
[Result "1-0"]
[ECO "C55"]
[WhiteElo "2395"]
[BlackElo "2284"]
[Annotator "NA"]
[PlyCount "75"]
[EventDate "2018.08.04"]
[EventType "swiss"]
[EventCountry "NED"]
[SourceTitle "playchess.com"]
[Source "ChessBase"]
[SourceQuality "1"]
[TimeControl "40/5400+30:1800+30"]

1. e4 e5 2. Nf3 Nc6 3. Bc4 Nf6 4. d3 h6 5. c3 d6 6. O-O g6 7. Re1 Bg7 8. h3 O-O 9. Bb3 Be6 10. Bxe6 fxe6 11. d4 exd4 12. cxd4 d5 13. e5 Ne4 14. Be3 Qe7 15. Nbd2 Nxd2 16. Nxd2 Qh4 17. Nb3 Rf7 18. Nc5 Nd8 19. Rc1 b6 20. Nd3 a5 21. Rc2 Bf8 22. f4 Rc8 23. Bf2 Qe7 24. Qg4 Kh7 25. Bh4 Qd7 26. Bxd8 h5 27. Qf3 Rxd8 28. Rec1 Rc8 29. g4 Qa4 30. b4 Bxb4 31. gxh5 Rg7 32. Rg2 Qe8 33. hxg6+ Kg8 34. f5 c6 35. f6 Rxg6 36. Nf4 Rxg2+ 37. Qxg2+ Kh7 38. Qg7# 1-0

[Event "22nd Hogeschool Zeeland 2018"]
[Site "Vlissingen"]
[Date "2018.08.09"]
[Round "7"]
[White "Ravi, Teja S"]
[Black "Afek, Yochanan"]
[Result "1-0"]
[ECO "D00"]
[WhiteElo "2374"]
[BlackElo "2248"]
[Annotator "NA"]
[PlyCount "85"]
[EventDate "2018.08.04"]
[EventType "swiss"]
[EventCountry "NED"]
[SourceTitle "playchess.com"]
[Source "ChessBase"]
[SourceQuality "1"]
[TimeControl "40/5400+30:1800+30"]

1. d4 Nf6 2. Nf3 g6 3. Nc3 d5 4. Bf4 Bg7 5. e3 O-O 6. Be2 c6 7. h4 Bg4 8. Ne5 Bxe2 9. Qxe2 Qa5 10. h5 Nxh5 11. O-O-O Nxf4 12. exf4 Qc7 13. f5 Nd7 14. f4 e6 15. g4 exf5 16. gxf5 Rfe8 17. Qh2 Nf8 18. Rd3 f6 19. Ng4 Qd7 20. Ne3 Re7 21. fxg6 hxg6 22. f5 Rae8 23. Qf2 g5 24. Ng4 Qd6 25. Rdh3 Qf4+ 26. Qxf4 gxf4 27. Kd2 b5 28. a3 a5 29. b4 a4 30. Nh6+ Bxh6 31. Rxh6 Rg7 32. Rxf6 Rg2+ 33. Kd1 f3 34. Rf1 Ree2 35. Rxf3 Rd2+ 36. Ke1 Rxc2 37. Kf1 Rgd2 38. Rg3+ Kh7 39. Ne2 Rxe2 40. Rf7+ Kh8 41. Rxf8+ Kh7 42. Rf7+ Kh8 43. f6 1-0

[Event "22nd Hogeschool Zeeland 2018"]
[Site "Vlissingen"]
[Date "2018.08.09"]
[Round "7"]
[White "Van der Lende, Ilias"]
[Black "De Boer, Bas"]
[Result "1-0"]
[ECO "B22"]
[WhiteElo "2347"]
[BlackElo "2129"]
[Annotator "NA"]
[PlyCount "59"]
[EventDate "2018.08.04"]
[EventType "swiss"]
[EventCountry "NED"]
[SourceTitle "playchess.com"]
[Source "ChessBase"]
[SourceQuality "1"]
[TimeControl "40/5400+30:1800+30"]

1. e4 c5 2. c3 d5 3. exd5 Qxd5 4. d4 e6 5. Nf3 Nf6 6. Be3 cxd4 7. cxd4 Be7 8. Nc3 Qd8 9. Bd3 O-O 10. O-O b6 11. Qe2 Bb7 12. Rad1 Nbd7 13. Rfe1 Nd5 14. Bd2 N7f6 15. Ne5 Rc8 16. Ne4 Bb4 17. Nxf6+ Qxf6 18. Nd7 Qxd4 19. Nxf8 Bxf8 20. Bg5 Qa4 21. Bb5 Qxa2 22. Ra1 Qb3 23. Rxa7 Rc2 24. Qf1 Rc7 25. Bd8 Rc8 26. Bxb6 Ba8 27. Be3 Bb4 28. Rc1 Rf8 29. Bd4 Bd2 30. Rca1 1-0

[Event "22nd Hogeschool Zeeland 2018"]
[Site "Vlissingen"]
[Date "2018.08.09"]
[Round "7"]
[White "De Jong, Migchiel"]
[Black "Oosterom, Erik"]
[Result "1-0"]
[ECO "B18"]
[WhiteElo "2339"]
[BlackElo "2113"]
[Annotator "NA"]
[PlyCount "75"]
[EventDate "2018.08.04"]
[EventType "swiss"]
[EventCountry "NED"]
[SourceTitle "playchess.com"]
[Source "ChessBase"]
[SourceQuality "1"]
[TimeControl "40/5400+30:1800+30"]

1. e4 c6 2. d4 d5 3. Nd2 dxe4 4. Nxe4 Bf5 5. Ng3 Bg6 6. Nh3 e6 7. Nf4 Bd6 8. c3 Nf6 9. h4 Qc7 10. Qf3 Nbd7 11. h5 Bc2 12. h6 g6 13. Bd3 Bxd3 14. Nxd3 Qa5 15. Bf4 Bxf4 16. Qxf4 O-O-O 17. O-O g5 18. Qe3 Rhg8 19. c4 Ng4 20. Qe2 Ndf6 21. Ne5 Nxe5 22. dxe5 Nd7 23. Rfe1 Nc5 24. Ne4 Nxe4 25. Qxe4 Rg6 26. Qf3 Qc7 27. Rad1 Rxd1 28. Rxd1 g4 29. Qa3 Rg8 30. Rd6 a6 31. Qd3 Rg6 32. Qe3 Qa5 33. Rd1 g3 34. Qa7 gxf2+ 35. Kf1 Qe1+ 36. Rxe1 fxe1=Q+ 37. Kxe1 Rxh6 38. Qc5 1-0

[Event "22nd Hogeschool Zeeland 2018"]
[Site "Vlissingen"]
[Date "2018.08.09"]
[Round "7"]
[White "Lefebvre, Herve"]
[Black "Kalisvaart, Peter"]
[Result "1/2-1/2"]
[ECO "C61"]
[WhiteElo "2304"]
[BlackElo "2090"]
[Annotator "NA"]
[PlyCount "56"]
[EventDate "2018.08.04"]
[EventType "swiss"]
[EventCountry "NED"]
[SourceTitle "playchess.com"]
[Source "ChessBase"]
[SourceQuality "1"]
[TimeControl "40/5400+30:1800+30"]

1. e4 e5 2. Nf3 Nc6 3. Bb5 Nd4 4. Nxd4 exd4 5. O-O c6 6. Bc4 Nf6 7. Re1 Bc5 8. b4 Bxb4 9. c3 Bc5 10. e5 Nd5 11. Qg4 O-O 12. cxd4 d6 13. Qe4 Bb4 14. Bxd5 cxd5 15. Qf4 Be6 16. Nc3 dxe5 17. dxe5 Bxc3 18. dxc3 Rc8 19. Qg3 Kh8 20. Rb1 Qa5 21. Bg5 Rxc3 22. Qh4 Rc4 23. f4 Qc7 24. h3 Rc2 25. Rb3 Rc3 26. Kh2 d4 27. Rb4 Rc4 28. Rb3 Rc3 1/2-1/2

[Event "22nd Hogeschool Zeeland 2018"]
[Site "Vlissingen"]
[Date "2018.08.09"]
[Round "7"]
[White "Frayna, Janelle Mae"]
[Black "Van Delft, Merijn"]
[Result "1-0"]
[ECO "A11"]
[WhiteElo "2278"]
[BlackElo "2395"]
[Annotator "NA"]
[PlyCount "59"]
[EventDate "2018.08.04"]
[EventType "swiss"]
[EventCountry "NED"]
[SourceTitle "playchess.com"]
[Source "ChessBase"]
[SourceQuality "1"]
[TimeControl "40/5400+30:1800+30"]

1. Nf3 d5 2. c4 c6 3. e3 Nf6 4. Nc3 e6 5. b3 Bd6 6. Qc2 O-O 7. Bb2 c5 8. cxd5 exd5 9. d4 Nc6 10. dxc5 Bxc5 11. Be2 Bg4 12. O-O Qe7 13. Rac1 Rad8 14. Na4 Bd6 15. Ng5 d4 16. Bxg4 Bxh2+ 17. Kh1 h6 18. Bf3 Nb4 19. Qf5 g6 20. Qh3 hxg5 21. Qxh2 Kg7 22. Qc7 Rh8+ 23. Kg1 Qe6 24. Bxd4 Rxd4 25. exd4 g4 26. Bxb7 Nd3 27. Nc5 Qf5 28. Rce1 Nxe1 29. Rxe1 g5 30. g3 1-0

[Event "22nd Hogeschool Zeeland 2018"]
[Site "Vlissingen"]
[Date "2018.08.09"]
[Round "7"]
[White "Hesse, Henrik"]
[Black "Maatman, Nick"]
[Result "0-1"]
[ECO "A10"]
[WhiteElo "2137"]
[BlackElo "2345"]
[Annotator "NA"]
[PlyCount "60"]
[EventDate "2018.08.04"]
[EventType "swiss"]
[EventCountry "NED"]
[SourceTitle "playchess.com"]
[Source "ChessBase"]
[SourceQuality "1"]
[TimeControl "40/5400+30:1800+30"]

1. c4 g6 2. g3 Bg7 3. Bg2 f5 4. e4 fxe4 5. h4 Nf6 6. Nc3 d5 7. cxd5 Bf5 8. Qb3 Nbd7 9. Nh3 Ne5 10. O-O Nf3+ 11. Bxf3 exf3 12. Ng5 O-O 13. Nxf3 Ng4 14. Nb5 Be4 15. d6+ Kh8 16. Ng5 Bc6 17. Ne6 Qd7 18. Nbxc7 Rf3 19. d3 Ne5 20. Bf4 Rxf4 21. Nxf4 Nf3+ 22. Kg2 Nxh4+ 23. Kh2 Nf3+ 24. Kg2 Nd2+ 25. f3 Nxb3 26. axb3 Rc8 27. Rxa7 Qxd6 28. Nce6 g5 29. Nxg5 Qc5 30. Nf7+ Kg8 0-1

[Event "22nd Hogeschool Zeeland 2018"]
[Site "Vlissingen"]
[Date "2018.08.09"]
[Round "7"]
[White "Gorny, Michael"]
[Black "Ree, Hans"]
[Result "0-1"]
[ECO "A55"]
[WhiteElo "2062"]
[BlackElo "2303"]
[Annotator "NA"]
[PlyCount "84"]
[EventDate "2018.08.04"]
[EventType "swiss"]
[EventCountry "NED"]
[SourceTitle "playchess.com"]
[Source "ChessBase"]
[SourceQuality "1"]
[TimeControl "40/5400+30:1800+30"]

1. d4 d6 2. Nf3 Nf6 3. c4 Nbd7 4. Nc3 e5 5. e4 Be7 6. Be2 O-O 7. O-O c6 8. Qc2 a6 9. Rd1 Qc7 10. h3 b5 11. b3 b4 12. Na4 c5 13. dxc5 dxc5 14. Be3 Re8 15. Nd2 Nf8 16. Qb2 Bd6 17. Bf3 Ne6 18. Bg4 Nxg4 19. hxg4 Nd4 20. f3 Bd7 21. Kf2 Bxa4 22. bxa4 Qa5 23. Rh1 f6 24. g5 fxg5 25. Bxg5 Qxa4 26. Rac1 Qd7 27. Nf1 Be7 28. Be3 Qd8 29. Qd2 Bh4+ 30. g3 Be7 31. Kg2 Ra7 32. Rh5 Rd7 33. Qf2 Bf6 34. Nd2 g6 35. Rh3 Rf8 36. Bh6 Rff7 37. Rf1 Bg5 38. f4 Bxh6 39. Rxh6 exf4 40. gxf4 Ne6 41. Nf3 Rxf4 42. Qg3 Rdf7 0-1

[Event "22nd Hogeschool Zeeland 2018"]
[Site "Vlissingen"]
[Date "2018.08.10"]
[Round "8"]
[White "Romanishin, Oleg M"]
[Black "Ravi, Teja S"]
[Result "1-0"]
[ECO "D22"]
[WhiteElo "2441"]
[BlackElo "2374"]
[Annotator "RC"]
[PlyCount "85"]
[EventDate "2018.08.04"]
[EventType "swiss"]
[EventCountry "NED"]
[SourceTitle "playchess.com"]
[Source "ChessBase"]
[SourceQuality "1"]
[TimeControl "40/5400+30:1800+30"]

1. d4 d5 2. Nf3 Nf6 3. c4 dxc4 4. e3 Bg4 5. Bxc4 e6 6. Nc3 a6 7. h3 Bh5 8. g4 Bg6 9. Ne5 Nfd7 10. Nxg6 hxg6 11. Bf1 Nc6 12. Bg2 Nb6 13. O-O Bd6 14. Bd2 e5 15. dxe5 Bxe5 16. Qe2 Qe7 17. f4 Bd6 18. Ne4 O-O-O 19. Rac1 f5 20. gxf5 gxf5 21. Ng3 g6 22. Rxc6 bxc6 23. Bxc6 Rdf8 24. Qxa6+ Kd8 25. Bg2 g5 26. Ne2 Bc5 27. Rd1 Qd6 28. Nc3 Qxf4 29. b4 Qxb4 30. Ne4 Qa4 31. Qxa4 Nxa4 32. Bb4+ Bd6 33. Nxd6 cxd6 34. Rxd6+ Kc7 35. Ra6 Re8 36. Bd6+ Kd7 37. Bc6+ Kxd6 38. Bxe8+ Ke5 39. Bxa4 Rxh3 40. Ra5+ Ke4 41. Bc6+ Kd3 42. Rxf5 Rxe3 43. Rf3 1-0

[Event "22nd Hogeschool Zeeland 2018"]
[Site "Vlissingen"]
[Date "2018.08.11"]
[Round "8"]
[White "Grochal, Joey"]
[Black "Henrichs, Thomas"]
[Result "1-0"]
[ECO "E92"]
[WhiteElo "2300"]
[BlackElo "2486"]
[Annotator "RC"]
[PlyCount "197"]
[EventDate "2018.08.04"]
[EventType "swiss"]
[EventCountry "NED"]
[SourceTitle "playchess.com"]
[Source "ChessBase"]
[SourceQuality "1"]
[TimeControl "40/5400+30:1800+30"]

1. d4 Nf6 2. c4 g6 3. Nc3 Bg7 4. e4 d6 5. Nf3 O-O 6. Be2 e5 7. d5 Na6 8. Bg5 h6 9. Bh4 g5 10. Bg3 Nh5 11. h4 g4 12. Nd2 Nxg3 13. fxg3 h5 14. O-O Bh6 15. Bd3 c6 16. Kh2 Kg7 17. Qe2 Qb6 18. Nb3 Qe3 19. Rae1 Qxe2 20. Rxe2 f6 21. Na5 Nc5 22. Bc2 cxd5 23. Nxd5 Ne6 24. Ref2 Nd4 25. Bd3 Be6 26. Nxf6 b6 27. Nb3 Nf3+ 28. gxf3 Rxf6 29. f4 Rc8 30. Nd2 Rcf8 31. f5 Bg8 32. Re2 Rc8 33. b3 Rff8 34. Nb1 a6 35. Kg2 Kf6 36. Kf2 Rc5 37. Rb2 Rb8 38. a4 b5 39. axb5 axb5 40. cxb5 d5 41. Ra2 Bf7 42. Ra6+ Kg7 43. b4 Rcxb5 44. Bxb5 Rxb5 45. exd5 Rxb4 46. Rd1 Rb2+ 47. Ke1 Be3 48. Ra3 Bf2+ 49. Kf1 Bd4 50. Nc3 Rf2+ 51. Ke1 Rf3 52. d6 Bf2+ 53. Kd2 Bxg3 54. Ne4 Rxa3 55. Nxg3 Kf6 56. Ne4+ Kxf5 57. d7 Ra8 58. Nc5 Be8 59. Rf1+ Kg6 60. dxe8=Q+ Rxe8 61. Ke3 Ra8 62. Ke4 Ra5 63. Nd3 Ra4+ 64. Kxe5 Ra2 65. Rf6+ Kg7 66. Rf5 Rh2 67. Rxh5 g3 68. Rg5+ Kh6 69. Nf4 Rxh4 70. Rxg3 Kh7 71. Ne6 Rh1 72. Kf6 Rf1+ 73. Ke7 Re1 74. Rg5 Kh6 75. Rg2 Rf1 76. Nd4 Rf4 77. Ne6 Rf1 78. Kd6 Re1 79. Rg3 Rd1+ 80. Ke5 Re1+ 81. Kf5 Rf1+ 82. Nf4 Kh7 83. Ke5 Ra1 84. Kf6 Rf1 85. Rg4 Ra1 86. Nd5 Rf1+ 87. Ke6 Ra1 88. Kf7 Ra7+ 89. Kf6 Ra6+ 90. Kf7 Ra7+ 91. Kf6 Ra6+ 92. Kf5 Ra5 93. Ke5 Ra1 94. Nf4 Ra5+ 95. Kf6 Ra6+ 96. Ne6 Ra1 97. Nf8+ Kh8 98. Ng6+ Kg8 99. Ne7+ 1-0

[Event "22nd Hogeschool Zeeland 2018"]
[Site "Vlissingen"]
[Date "2018.08.10"]
[Round "8"]
[White "Sparenberg, Erik"]
[Black "Beerdsen, Thomas"]
[Result "0-1"]
[ECO "C63"]
[WhiteElo "2173"]
[BlackElo "2469"]
[Annotator "ChessBase"]
[PlyCount "48"]
[EventDate "2018.08.04"]
[EventType "swiss"]
[EventCountry "NED"]
[SourceTitle "playchess.com"]
[Source "ChessBase"]
[SourceQuality "1"]
[TimeControl "40/5400+30:1800+30"]

1. e4 e5 2. Nf3 Nc6 3. Bb5 f5 4. d4 fxe4 5. Nxe5 Nxe5 6. dxe5 c6 7. Nc3 cxb5 8. Nxe4 d5 9. exd6 Nf6 10. Bg5 Qa5+ 11. Bd2 b4 12. Nxf6+ gxf6 13. O-O Bxd6 14. Bh6 Bc7 15. Bg7 Rg8 16. Bxf6 Qf5 17. Re1+ Be6 18. Rxe6+ Qxe6 19. Qh5+ Kd7 20. Rd1+ Kc8 21. Bh4 a5 22. Bg3 Qg4 23. Rd8+ Kxd8 24. Bxc7+ Kc8 0-1

[Event "22nd Hogeschool Zeeland 2018"]
[Site "Vlissingen"]
[Date "2018.08.10"]
[Round "8"]
[White "Wagenvoorde, Guido"]
[Black "Van der Lende, Ilias"]
[Result "1-0"]
[ECO "D26"]
[WhiteElo "2035"]
[BlackElo "2347"]
[Annotator "RC"]
[PlyCount "83"]
[EventDate "2018.08.04"]
[EventType "swiss"]
[EventCountry "NED"]
[SourceTitle "playchess.com"]
[Source "ChessBase"]
[SourceQuality "1"]
[TimeControl "40/5400+30:1800+30"]

1. d4 d5 2. c4 dxc4 3. Nf3 a6 4. e3 Nf6 5. Bxc4 e6 6. O-O b5 7. Be2 Bb7 8. Nbd2 Nbd7 9. a4 b4 10. a5 Be7 11. Nb3 O-O 12. Bd2 Bd5 13. Qc2 Qb8 14. Rfc1 c5 15. Nxc5 Nxc5 16. dxc5 Rc8 17. b3 Ne4 18. Ra4 Nxd2 19. Nxd2 Rxc5 20. Nc4 Qc7 21. Rxb4 Bxg2 22. f4 Bd5 23. Ra4 Rc8 24. Qd2 Qb7 25. Rb4 Rb5 26. Rxb5 Qxb5 27. Qd3 Bc5 28. Kf1 Bb4 29. Rc2 f5 30. Nd6 Rxc2 31. Nxb5 Rc1+ 32. Kf2 Be1+ 33. Kg1 Bxa5+ 34. Bf1 Bb6 35. Nd4 h6 36. Nxf5 Kh8 37. Ne7 Rd1 38. Qc3 Bb7 39. Kf2 Rd7 40. Ng6+ Kg8 41. Bc4 Rd6 42. Qb4 1-0

[Event "22nd Hogeschool Zeeland 2018"]
[Site "Vlissingen"]
[Date "2018.08.11"]
[Round "9"]
[White "Beerdsen, Thomas"]
[Black "Maatman, Nick"]
[Result "1-0"]
[ECO "C06"]
[WhiteElo "2469"]
[BlackElo "2345"]
[Annotator "ChessBase"]
[PlyCount "61"]
[EventDate "2018.08.04"]
[EventType "swiss"]
[EventCountry "NED"]
[SourceTitle "playchess.com"]
[Source "ChessBase"]
[SourceQuality "1"]
[TimeControl "40/5400+30:1800+30"]

1. e4 e6 2. d4 d5 3. Nd2 Nf6 4. e5 Nfd7 5. Bd3 c5 6. c3 Nc6 7. Ne2 cxd4 8. cxd4 f6 9. exf6 Nxf6 10. Nf3 Bd6 11. O-O Qc7 12. Bd2 O-O 13. Rc1 a6 14. Re1 Bd7 15. Nc3 Rae8 16. Na4 Qd8 17. Nc5 Bc8 18. Bg5 e5 19. Bxf6 Qxf6 20. Qb3 Qf7 21. Ng5 Qxf2+ 22. Kh1 Qxd4 23. Nxb7 Bxb7 24. Bxh7+ Kh8 25. Qh3 Rf4 26. Be4+ Kg8 27. Qh7+ Kf8 28. Qh8+ Ke7 29. Qxg7+ Kd8 30. Qxb7 Qb4 31. Qxc6 1-0